 Dungeon Sprint DCSS version 0.30.1-9-gdf580d7c3d (webtiles) character file.

Game seed: 13595584895744948490

2790 Heoruswealwe the Impaler (level 9, -2/139 HPs)
             Began as a Minotaur Fighter on Sept 27, 2023.
             Was an Initiate of Gozag.
             Killed from afar by an efreet (40 damage)
             ... with a fireball
             ... in the Dungeon (Sprint IX: "|||||||||||||||||||||||||||||").
             The game lasted 00:04:26 (312 turns).

Heoruswealwe the Impaler (Minotaur Fighter)          Turns: 312, Time: 00:04:26

Health: -2/139     AC: 14    Str: 29    XL:     9   Next: 43%
Magic:  8/8        EV:  9    Int:  5    God:    Gozag
Gold:   891        SH:  0    Dex:  9    Spells: 8/8 levels left

rFire   . . .        b - +2 halberd (venom)
rCold   . . .        (shield currently unavailable)
rNeg    . . .        c - +0 chain mail
rPois   .            (helmet restricted)
rElec   .            h - +0 cloak
rCorr   .            (no gloves)
SInv    .            (no boots)
Will    .....        (no amulet) Stlth
                     k - +3 ring of strength
HPRegen 0.43/turn    (no ring)
MPRegen 0.11/turn

%: no teleportation
@: mighty, berserking (expiring), gold aura, hasted, very quick
A: horns 2, retaliatory headbutt
a: Renounce Religion, Potion Petition, Call Merchant, Bribe Branch


You were in the Dungeon.
You worshipped Gozag.
Gozag was pleased with you.
You visited 1 branch You collected 891 gold pieces.

Inventory:

Hand Weapons
 a - a +0 trident
 b - a +2 halberd of venom (weapon)
Armour
 c - a +0 chain mail (worn)
 d - a +0 buckler
 h - a +0 cloak (worn)
Jewellery
 k - a +3 ring of strength (left hand)
Wands
 l - a wand of iceblast (10)
Scrolls
 j - a scroll of blinking
Potions
 e - 5 potions of curing


   Skills:
 + Level 13.6 Fighting
 * Level 18.2 Polearms
 + Level 13.5 Armour
 - Level 3.6 Shields


You had 8 spell levels left.
You didn't know any spells.
Your spell library was empty.

Dungeon Overview and Level Annotations

Branches:
Dungeon (1/1)

Altars:
Cheibriados
Dithmenos
Elyvilon
Fedhas
Gozag
Hepliaklqana
Kikubaaqudgha
Makhleb
Nemelex Xobeh
Okawaru
Qazlal
Ru
Sif Muna
Trog
Uskayaw
Vehumet
Wu Jian
Xom
Yredelemnul
Zin
The Shining One
Jiyva
Lugonu


Innate Abilities, Weirdness & Mutations

You have a pair of horns on your head.
You reflexively headbutt those who attack you in melee.


Message History

The eight-headed hydra bites you but does no damage.
The eight-headed hydra completely misses you.
The eight-headed hydra bites you but does no damage.
The eight-headed hydra bites you.
The eight-headed hydra bites you but does no damage. x3
You lop one of the eight-headed hydra's heads off!
The seven-headed hydra grows two more!
You impale the nine-headed hydra!! You headbutt the nine-headed hydra!
The nine-headed hydra is severely wounded.
You hit the nine-headed hydra.
The nine-headed hydra is poisoned.
The nine-headed hydra is severely wounded.
The nine-headed hydra barely misses you.
You furiously retaliate!
You headbutt the nine-headed hydra!
The nine-headed hydra bites you but does no damage.
The nine-headed hydra barely misses you.
The nine-headed hydra misses you. The nine-headed hydra bites you.
The nine-headed hydra bites you but does no damage.
The nine-headed hydra barely misses you.
The nine-headed hydra bites you but does no damage.
The nine-headed hydra bites you!
* * * LOW HITPOINT WARNING * * *
You lop one of the nine-headed hydra's heads off!
The eight-headed hydra grows two more!
You puncture the ten-headed hydra!
The ten-headed hydra looks as sick as possible!
You headbutt the ten-headed hydra!
The ten-headed hydra is almost dead.
The efreet is no longer distracted by gold.
You slice one of the ten-headed hydra's heads off!
The nine-headed hydra grows two more!
You slice the 11-headed hydra!!
You kill the 11-headed hydra!
The boulder beetle leaps!
Your Fighting skill increases to level 13!
Your Polearms skill increases to level 18!
Your Armour skill increases to level 13!
You see here 450 gold pieces.
You feel a strong urge to attack something.
The efreet gestures at you.
The fireball explodes!
The fireball engulfs you!!!
You die...
Your body crumbles into a pile of gold.

▓B▓
$
▓.▓
▓.▓
$
▓)▓
$
▓[▓
$
▓)▓
$
▓.▓
$ $
▓$▓
$
▓@▓
$
▓R▓
▓°▓
▓.▓
▓.▓
▓.▓
▓.▓
▓.▓
▓.▓


You could see an efreet.

Vanquished Creatures
  A hydra (D)
  A boulder beetle (D)
  A catoblepas (D)
  2 trolls (D)
  A wraith (D)
  An acid dragon (D)
  An ice beast (D)
  An orc warrior (D)
  2 centaurs (D)
  A shadow imp (D)
  3 orcs (D)
  An endoplasm (D)
  A giant cockroach (D)
  A quokka (D)
  2 frilled lizards (D)
20 creatures vanquished.

Notes
Turn   | Place    | Note
-------+----------+-------------------------------------------
     0 | D        | Heoruswealwe the Minotaur Fighter began the quest for the
                  | Orb.
     0 | D        | Reached XP level 1. HP: 19/19 MP: 0/0
     6 | D        | Reached skill level 3 in Polearms
    28 | D        | Noticed an ice beast
    30 | D        | Reached skill level 4 in Polearms
    30 | D        | Reached XP level 2. HP: 28/28 MP: 1/1
    39 | D        | Killed an ice beast
    40 | D        | Reached skill level 8 in Polearms
    40 | D        | Reached XP level 3. HP: 38/38 MP: 2/2
    40 | D        | Reached XP level 4. HP: 45/45 MP: 3/3
    49 | D        | Found a snail-covered altar of Cheibriados.
    49 | D        | Found a shadowy altar of Dithmenos.
    49 | D        | Found a white marble altar of Elyvilon.
    49 | D        | Found a blossoming altar of Fedhas.
    49 | D        | Found an opulent altar of Gozag.
    50 | D        | Found a hazy altar of Hepliaklqana.
    51 | D        | Found a viscous altar of Jiyva.
    52 | D        | Found an ancient bone altar of Kikubaaqudgha.
    53 | D        | Found a corrupted altar of Lugonu.
    54 | D        | Found a burning altar of Makhleb.
    55 | D        | Found a sparkling altar of Nemelex Xobeh.
    56 | D        | Found an iron altar of Okawaru.
    57 | D        | Became a worshipper of Gozag Ym Sagoz the Greedy
    58 | D        | Found a stormy altar of Qazlal.
    59 | D        | Found a sacrificial altar of Ru.
    60 | D        | Found a shimmering blue altar of Sif Muna.
    61 | D        | Found a bloodstained altar of Trog.
    62 | D        | Found a hide-covered altar of Uskayaw.
    63 | D        | Found a radiant altar of Vehumet.
    64 | D        | Found an ornate altar of the Wu Jian Council.
    65 | D        | Found a shimmering altar of Xom.
    66 | D        | Found a basalt altar of Yredelemnul.
    67 | D        | Found a glowing silver altar of Zin.
    68 | D        | Found a glowing golden altar of the Shining One.
   123 | D        | Noticed a centaur
   123 | D        | Noticed an acid dragon
   123 | D        | Noticed an orc warrior
   123 | D        | Noticed a centaur
   123 | D        | Noticed a troll
   123 | D        | Noticed a troll
   124 | D        | Killed a centaur
   125 | D        | Reached skill level 9 in Polearms
   125 | D        | Reached XP level 5. HP: 30/53 MP: 4/4
   128 | D        | Killed an acid dragon
   129 | D        | Reached skill level 11 in Polearms
   129 | D        | Reached XP level 6. HP: 29/62 MP: 5/5
   131 | D        | Killed an orc warrior
   132 | D        | Reached skill level 12 in Polearms
   137 | D        | Killed a troll
   138 | D        | Reached skill level 10 in Fighting
   138 | D        | Reached skill level 13 in Polearms
   138 | D        | Reached skill level 10 in Armour
   138 | D        | Reached XP level 7. HP: 27/73 MP: 6/6
   140 | D        | Killed a troll
   141 | D        | Reached skill level 14 in Polearms
   280 | D        | Noticed a wraith
   280 | D        | Noticed a catoblepas
   280 | D        | Noticed a boulder beetle
   280 | D        | Noticed an efreet
   280 | D        | Noticed a boulder beetle
   280 | D        | Noticed a seven-headed hydra
   286 | D        | Killed a catoblepas
   287 | D        | Reached skill level 15 in Polearms
   287 | D        | Reached XP level 8. HP: 82/83 MP: 7/7
   299 | D        | Killed a boulder beetle
   300 | D        | Reached skill level 17 in Polearms
   300 | D        | Reached XP level 9. HP: 43/92 MP: 8/8
   310 | D        | Killed an 11-headed hydra
   311 | D        | Reached skill level 18 in Polearms
   312 | D        | Killed from afar by an efreet

Illustrated notes

Levels and vault maps discovered:
D:        linesprint [early_d, line_temple, items_1, d_10, items_2, lair_1,
          lair_end, items_3, orc_1, orc_end, items_4, d_15, swamp_1, shoals_1,
          snake_1, spider_1, d_20, vaults_1, items_5, swamp_end, shoals_end,
          snake_end, spider_end, vaults_end, d_27, items_6, zot_1, zot_end,
          crypt_end, forest_end, elf_end, slime_end, tomb_end, abyss_end,
          pan_hell_end]

Skill      XL: |  1  2  3  4  5  6  7  8  9 |
---------------+----------------------------+-----
Polearms       | 4 8 9 11 13 15 17 18 | 18.2
Fighting       | 4 6 7 8 10 11 12 13 | 13.6
Armour         | 4 6 7 8 10 11 12 13 | 13.5
Shields        | |  3.6

Action                     |  1- 3 |  4- 6 |  7- 9 || total
---------------------------+-------+-------+-------++-------
  Melee: Trident           |    24 |     3 |       ||    27
         Headbutt          |     4 |     4 |     5 ||    13
         Halberd           |       |    11 |    20 ||    31
    Use: Potion            |     1 |     1 |     4 ||     6
         Scroll            |       |       |     1 ||     1
 Armour: Scale mail        |     7 |     6 |       ||    13
         Chain mail        |       |       |    10 ||    10
  Dodge: Dodged            |     5 |    11 |     5 ||    21
  Block: Buckler           |     3 |       |       ||     3
